 Dungeon Crawl Stone Soup version 0.23-a0-169-gb21e695 (webtiles) character file.

35 Inarius the Skirmisher (level 3, -2/29 HPs)
             Began as a Demonspawn Fighter on Sept 11, 2018.
             Slain by an adder (4 damage)
             ... on level 2 of the Dungeon.
             The game lasted 00:01:23 (816 turns).

Inarius the Skirmisher (Demonspawn Fighter)          Turns: 816, Time: 00:01:24

Health: -2/29      AC:  9    Str: 17    XL:     3   Next: 17%
Magic:  3/3        EV:  4    Int:  9    God:
Gold:   83         SH:  9    Dex: 12    Spells: 2/2 levels left

rFire    + . .     SeeInvis .   a - +0 war axe
rCold    x . .     Gourm    .   c - +0 shield
rNeg     . . .     Faith    .   j - +0 chain mail
rPois    .         Spirit   .   (no helmet)
rElec    .         Reflect  .   (no cloak)
rCorr    .         Harm     .   (no gloves)
MR       .....                  (no boots)
Stlth    ..........             (no amulet)
HPRegen  0.09/turn              h - ring of fire
MPRegen  0.08/turn              (no ring)

@: lethally poisoned (-2 -> -3)
A: nightstalker 1
a: no special abilities


You were on level 2 of the Dungeon.
You were not hungry.

You visited 1 branch of the dungeon, and saw 2 of its levels.

You collected 83 gold pieces.

Inventory:

Hand Weapons
 a - a +0 war axe (weapon)
Armour
 c - a +0 shield (worn)
 j - a +0 chain mail (worn)
Jewellery
 h - a ring of fire (left hand)
Scrolls
 b - a scroll of identify {unknown}
Potions
 d - a potion of might
 e - a potion of curing
 g - a potion of brilliance {unknown}
Comestibles
 f - 2 rations
 i - a chunk of flesh


   Skills:
 + Level 3.1 Fighting
 + Level 2.2 Axes
 + Level 3.1 Armour
 + Level 0.1 Dodging
 + Level 3.1 Shields


You had 2 spell levels left.
You didn't know any spells.
Your spell library was empty.

Dungeon Overview and Level Annotations

Branches:
Dungeon (2/15)

Altars:


Innate Abilities, Weirdness & Mutations

You are slightly more attuned to the shadows.


Message History

You miss the adder.
The adder is almost dead.
The adder barely misses you. You block the adder's attack.
You closely miss the adder.
The adder is almost dead.
The adder bites you but does no damage. The adder barely misses you.
Your shield and chain mail prevent you from hitting the adder.
The adder is almost dead.
You feel sick. The adder bites you but does no damage.
You block the adder's attack.
You closely miss the adder.
The adder is almost dead.
You block the adder's attack. The adder bites you.
* * * LOW HITPOINT WARNING * * *
You completely miss the adder.
The adder is almost dead.
You feel sick. The adder bites you.
* * * LOW HITPOINT WARNING * * *
The adder bites you.
You die...

#.<.# # # #..>#########.
.....% ##.#............
...... #........#####.#
...... ..........## ##.#
......
###........###..###.....
#(.........#.#.....#.##
.........##...#.#.......
.........##..@#.>.#.....
.....##.###...S..## #...
..... #.##...#..........
..... .......####.####
###...... .# .....## .#
...!. .# ##...


You could see an adder.

Vanquished Creatures
  2 adders (D:2)
  A dart slug (D:1)
  A leopard gecko (D:1)
  A giant cockroach (D:1)
  3 hobgoblins (D:1)
  A ball python (D:1)
  2 frilled lizards (D:1)
  3 kobolds (D:1)
  3 rats
17 creatures vanquished.

Notes
Turn   | Place    | Note
-------+----------+-------------------------------------------
     0 | D:1      | Inarius the Demonspawn Fighter began the quest for the Orb.
     0 | D:1      | Reached XP level 1. HP: 18/18 MP: 1/1
   514 | D:1      | Gained mutation: You are slightly more attuned to the
                  | shadows. [demonic ancestry]
   514 | D:1      | Reached XP level 2. HP: 24/24 MP: 2/2
   807 | D:2      | Reached XP level 3. HP: 12/29 MP: 3/3
   816 | D:2      | Slain by an adder

Vault maps used:
D:1:      noname_arrival_rooms_in_the_neighbourhood
D:2:      minmay_small_reverse_x, uniq_jessica

Skill      XL: |  1  2 |
---------------+-------+-----
Armour         | 3 |  3.1
Axes           | 2 |  2.2
Shields        | 3 |  3.1
Fighting       | |  3.1
Dodging        | |  0.1

Action                   || total
-------------------------++-------
Melee: War axe           ||    70
  Use: Potion            ||     1
Armor: Scale mail        ||    12
       Chain mail        ||    30
Dodge: Dodged            ||    17
Block: Shield            ||    38

Table legend:
 A = Non-vault XP
 B = Vault XP
 C = Vault XP percentage of total XP
 D = Non-vault monster count
 E = Vault monster count
 F = Vault count percentage of total count
                 A         B        C        D         E       F
            +---------+---------+-------+---------+---------+-------
      Total |      51 |       0 |   0.0 |      17 |       0 |   0.0
            +---------+---------+-------+---------+---------+-------
        D:1 |      24 |       0 |   0.0 |      14 |       0 |   0.0
        D:2 |      27 |       0 |   0.0 |       3 |       0 |   0.0
            +---------+---------+-------+---------+---------+-------
